PAA
SPRINGFIELD SHOOTERS @ HELENA GRIZZLIES
09/14/2023
 
TOP OF THE 1ST
Springfield Shooters batting - Pitching for Helena Grizzlies : RHP Juan López
Pitching: RHP Juan López
Batting: SHB Albert Santos 0-0: Foul Ball, location: 2F
0-1: Ball
1-1: Ball
2-1: Foul Ball, location: 2F
2-2: Ball
3-2: Base on Balls
Batting: RHB Michael Hicks 0-0: Called Strike
0-1: Ball
1-1: Swinging Strike
1-2: Strikes out swinging
Batting: SHB Jared Jefferson 0-0: Ground out U3 (Groundball, 3S)
Albert Santos to second
Batting: RHB Ethan Miller 0-0: Ball
1-0: Ball
2-0: Called Strike
2-1: Ball
3-1: Base on Balls
Batting: RHB Roy Herring 0-0: SINGLE (Line Drive, 4MD)
Albert Santos to third
Ethan Miller to second
Batting: LHB Brad Shockley 0-0: Ball
1-0: Foul Ball, location: 2F
1-1: Swinging Strike
1-2: DOUBLE (Flyball, 78XD)
Albert Santos scores
Ethan Miller scores
Roy Herring to third
Runner from 3rd tries for Home, SAFE, no throw or cutoff
Batting: RHB Lee Charles 0-0: Ball
1-0: Swinging Strike
1-1: Swinging Strike
1-2: Ball
2-2: Foul Ball, location: 2F
2-2: Ball
3-2: Ground out 1-3 (Groundball, 15S)
Top of the 1st over - 3 run(s), 2 hit(s), 0 error(s), 1 left on base; Springfield 3 - Helena 0
BOTTOM OF THE 1ST
Helena Grizzlies batting - Pitching for Springfield Shooters : RHP Jim Unknown
Pitching: RHP Jim Unknown
Batting: LHB Tom Cotton 0-0: Fly out, F7 (Flyball, 78S)
Batting: RHB Miguel Rosales 0-0: Called Strike
0-1: Ball
1-1: Swinging Strike
1-2: SINGLE (Line Drive, 6MD)
Batting: LHB Miguel Zúńiga 0-0: Called Strike
0-1: Ball
1-1: Foul Ball, location: 2F
1-2: Fielders Choice at 2nd, 2-6 (Groundball, 2R)
Batting: RHB Gonzalo Sánchez 0-0: Called Strike
0-1: Ball
1-1: Called Strike
1-2: Strikes out swinging
Bottom of the 1st over - 0 run(s), 1 hit(s), 0 error(s), 1 left on base; Springfield 3 - Helena 0
TOP OF THE 2ND
Springfield Shooters batting - Pitching for Helena Grizzlies : RHP Juan López
Batting: RHB Sergio Delgado 0-0: Foul Ball, location: 2F
0-1: Ball
1-1: Fly out, F7 (Flyball, 7S)
Batting: SHB Eugene Bentley 0-0: Ball
1-0: Ground out 4-3 (Groundball, 4S)
Batting: SHB Albert Santos 0-0: Ball
1-0: Ball
2-0: Ball
3-0: Base on Balls
Batting: RHB Michael Hicks 0-0: Fielders Choice at 2nd, U6 (Groundball, 6M)
Top of the 2nd over - 0 run(s), 0 hit(s), 0 error(s), 1 left on base; Springfield 3 - Helena 0
BOTTOM OF THE 2ND
Helena Grizzlies batting - Pitching for Springfield Shooters : RHP Jim Unknown
Batting: RHB Chris Woodruff 0-0: Fly out, F9 (Flyball, 9LM)
Batting: RHB Dusty Childress 0-0: Ball
1-0: Foul Ball, location: 2F
1-1: Called Strike
1-2: SINGLE (Groundball, 56D)
Batting: RHB Keith Newbold 0-0: Grounds into double play, 6-4-3 (Groundball, 6M)
Bottom of the 2nd over - 0 run(s), 1 hit(s), 0 error(s), 0 left on base; Springfield 3 - Helena 0
TOP OF THE 3RD
Springfield Shooters batting - Pitching for Helena Grizzlies : RHP Juan López
Batting: SHB Jared Jefferson 0-0: Ground out 5-3 (Groundball, 56)
Batting: RHB Ethan Miller 0-0: Fly out, F6 (Popup, 56D)
Batting: RHB Roy Herring 0-0: Called Strike
0-1: Swinging Strike
0-2: Ball
1-2: Strikes out swinging
Top of the 3rd over - 0 run(s), 0 hit(s), 0 error(s), 0 left on base; Springfield 3 - Helena 0
BOTTOM OF THE 3RD
Helena Grizzlies batting - Pitching for Springfield Shooters : RHP Jim Unknown
Batting: RHB Gaston Waller 0-0: Swinging Strike
0-1: Foul Ball, location: 2F
0-2: Foul Ball, location: 2F
0-2: Ball
1-2: Foul Ball, location: 2F
1-2: Strikes out swinging
Batting: RHB Jorge Arreola 0-0: Called Strike
0-1: Foul Ball, location: 2F
0-2: Strikes out swinging
Batting: LHB Tom Cotton 0-0: Ball
1-0: Ball
2-0: Ball
3-0: Called Strike
3-1: Foul Ball, location: 2F
3-2: Foul Ball, location: 2F
3-2: Ground out 6-3 (Groundball, 6M)
Bottom of the 3rd over - 0 run(s), 0 hit(s), 0 error(s), 0 left on base; Springfield 3 - Helena 0
TOP OF THE 4TH
Springfield Shooters batting - Pitching for Helena Grizzlies : RHP Juan López
Batting: LHB Brad Shockley 0-0: Called Strike
0-1: Foul Ball, location: 2F
0-2: Ball
1-2: DOUBLE (Flyball, 8LXD)
Batting: RHB Lee Charles 0-0: Called Strike
0-1: Foul Ball, location: 2F
0-2: Fly out, F8 (Flyball, 8LM)
Batting: RHB Sergio Delgado 0-0: Ball
1-0: Called Strike
1-1: Foul Ball, location: 2F
1-2: Foul Ball, location: 2F
1-2: Strikes out looking
Batting: SHB Eugene Bentley 0-0: Ball
1-0: Foul Ball, location: 2F
1-1: Fly out, F8 (Flyball, 8RM)
Top of the 4th over - 0 run(s), 1 hit(s), 0 error(s), 1 left on base; Springfield 3 - Helena 0
BOTTOM OF THE 4TH
Helena Grizzlies batting - Pitching for Springfield Shooters : RHP Jim Unknown
Batting: RHB Miguel Rosales 0-0: Ball
1-0: Ball
2-0: Foul Ball, location: 2F
2-1: Fly out, F8 (Flyball, 8RM)
Batting: LHB Miguel Zúńiga 0-0: Called Strike
0-1: Ball
1-1: Ball
2-1: Ball
3-1: Base on Balls
Batting: RHB Gonzalo Sánchez 0-0: Ball
Wild Pitch!
Miguel Zúńiga to second
1-0: Ball
2-0: Called Strike
2-1: Fly out, F8 (Flyball, 8LD)
Runner from 2nd tags up, SAFE at 3rd, no throw
Batting: RHB Chris Woodruff 0-0: Called Strike
0-1: Called Strike
0-2: Ball
1-2: Foul Ball, location: 2F
1-2: SINGLE (Groundball, 56D)
Miguel Zúńiga scores
Batting: RHB Dusty Childress 0-0: Called Strike
0-1: Called Strike
0-2: Ball
1-2: Fly out, F7 (Flyball, 7M)
Bottom of the 4th over - 1 run(s), 1 hit(s), 0 error(s), 1 left on base; Springfield 3 - Helena 1
TOP OF THE 5TH
Springfield Shooters batting - Pitching for Helena Grizzlies : RHP Juan López
Batting: SHB Albert Santos 0-0: Called Strike
0-1: Ball
1-1: Called Strike
1-2: Ball
2-2: Ball
3-2: Fly out, F7 (Flyball, 7M)
Batting: RHB Michael Hicks 0-0: Ball
1-0: Ball
2-0: Ground out 5-3 (Groundball, 5S)
Batting: SHB Jared Jefferson 0-0: SINGLE (Groundball, 34D)
Batting: RHB Ethan Miller 0-0: Called Strike
0-1: Swinging Strike
0-2: Ball
1-2: Foul Ball, location: 2F
1-2: Ball
2-2: Ball
3-2: Ground out 6-3 (Groundball, 6M)
Top of the 5th over - 0 run(s), 1 hit(s), 0 error(s), 1 left on base; Springfield 3 - Helena 1
BOTTOM OF THE 5TH
Helena Grizzlies batting - Pitching for Springfield Shooters : RHP Jim Unknown
Batting: RHB Keith Newbold 0-0: Ball
1-0: Foul Ball, location: 2F
1-1: Foul Ball, location: 2F
1-2: Ball
2-2: Ball
3-2: Strikes out swinging
Batting: RHB Gaston Waller 0-0: Foul Ball, location: 2F
0-1: Ground out 4-3 (Groundball, 4)
Batting: RHB Jorge Arreola 0-0: Ball
1-0: Ball
2-0: Called Strike
2-1: Foul Ball, location: 2F
2-2: Ball
3-2: Strikes out swinging
Bottom of the 5th over - 0 run(s), 0 hit(s), 0 error(s), 0 left on base; Springfield 3 - Helena 1
TOP OF THE 6TH
Springfield Shooters batting - Pitching for Helena Grizzlies : RHP Juan López
Batting: RHB Roy Herring 0-0: Called Strike
0-1: SINGLE (Groundball, 5L)
Batting: LHB Brad Shockley 0-0: Ball
1-0: Foul Ball, location: 2F
1-1: Ball
2-1: Bunted foul
2-2: SINGLE (Line Drive, 8RS)
Roy Herring to second
Batting: RHB Lee Charles 0-0: Fly out, F3 (Popup, 3F)
Batting: RHB Sergio Delgado 0-0: Fly out, F8 (Popup, 8RS)
Batting: SHB Eugene Bentley 0-0: Ball
1-0: Called Strike
1-1: Called Strike
1-2: Ball
2-2: Foul Ball, location: 2F
2-2: Ball
3-2: Base on Balls
Roy Herring to third
Brad Shockley to second
Batting: SHB Albert Santos 0-0: Swinging Strike
0-1: Ground out 1-3 (Groundball, 13S)
Top of the 6th over - 0 run(s), 2 hit(s), 0 error(s), 3 left on base; Springfield 3 - Helena 1
BOTTOM OF THE 6TH
Helena Grizzlies batting - Pitching for Springfield Shooters : RHP Jim Unknown
Batting: LHB Tom Cotton 0-0: Ball
1-0: SINGLE (Line Drive, 9LS)
Batting: RHB Miguel Rosales 0-0: Grounds into double play, 5-4-3 (Groundball, 5)
Batting: LHB Miguel Zúńiga 0-0: Foul Ball, location: 2F
0-1: Ball
1-1: Foul Ball, location: 2F
1-2: Ground out 4-3 (Groundball, 34)
Bottom of the 6th over - 0 run(s), 1 hit(s), 0 error(s), 0 left on base; Springfield 3 - Helena 1
TOP OF THE 7TH
Springfield Shooters batting - Pitching for Helena Grizzlies : RHP Juan López
Batting: RHB Michael Hicks 0-0: Ball
1-0: Called Strike
1-1: Called Strike
1-2: Ball
2-2: Foul Ball, location: 2F
2-2: Ground out 6-3 (Groundball, 6MS)
Pitching: RHP Scott Lyons
Batting: SHB Jared Jefferson 0-0: Ball
1-0: Ground out 1-3 (Groundball, 15)
Batting: RHB Ethan Miller 0-0: Called Strike
0-1: Ball
1-1: Ball
2-1: Foul Ball, location: 2F
2-2: Foul Ball, location: 2F
2-2: Fly out, F9 (Flyball, 9S)
Top of the 7th over - 0 run(s), 0 hit(s), 0 error(s), 0 left on base; Springfield 3 - Helena 1
BOTTOM OF THE 7TH
Helena Grizzlies batting - Pitching for Springfield Shooters : RHP Jim Unknown
Batting: RHB Gonzalo Sánchez 0-0: Called Strike
0-1: Called Strike
0-2: Foul Ball, location: 2F
0-2: SINGLE (Groundball, 6MD)
Batting: RHB Chris Woodruff 0-0: Called Strike
0-1: Fly out, F7 (Flyball, 78S)
Batting: RHB Dusty Childress 0-0: Ball
1-0: Ball
2-0: SINGLE (Groundball, 6MD)
Gonzalo Sánchez to second
Pinch Hitting: LHB César Muńóz 0-0: Reached on Error, E8 (Flyball, 8LM)
Gonzalo Sánchez to third
Dusty Childress to second
Pinch Hitting: SHB Tom Craft 0-0: Ball
1-0: Foul Ball, location: 2F
1-1: Ball
2-1: Foul Ball, location: 2F
2-2: Fly out, F7 (Flyball, 78M)
Runner from 3rd tags up, SCORES, throw made
Pinch Hitting: RHB Dustin O'Quinlevan 0-0: Ball
1-0: Called Strike
1-1: Ball
2-1: Ball
3-1: Base on Balls
Dusty Childress to third
César Muńóz to second
Batting: LHB Tom Cotton 0-0: Foul Ball, location: 2F
0-1: Ball
1-1: Ball
2-1: Swinging Strike
2-2: Strikes out swinging
Bottom of the 7th over - 1 run(s), 2 hit(s), 1 error(s), 3 left on base; Springfield 3 - Helena 2
TOP OF THE 8TH
Springfield Shooters batting - Pitching for Helena Grizzlies : RHP Scott Lyons
Now at 1B: Tom Craft
Now at 3B: César Muńóz
Now in CF: Dustin O'Quinlevan
Batting: RHB Roy Herring 0-0: Ball
1-0: Fly out, F9 (Flyball, 89M)
Batting: LHB Brad Shockley 0-0: Ball
1-0: Fly out, F7 (Flyball, 7M)
Batting: RHB Lee Charles 0-0: Ground out 5-3 (Groundball, 56)
Top of the 8th over - 0 run(s), 0 hit(s), 0 error(s), 0 left on base; Springfield 3 - Helena 2
BOTTOM OF THE 8TH
Helena Grizzlies batting - Pitching for Springfield Shooters : RHP Jim Unknown
Batting: RHB Miguel Rosales 0-0: Ball
1-0: Called Strike
1-1: Foul Ball, location: 2F
1-2: Ball
2-2: DOUBLE (Line Drive, 9LS)
Batting: LHB Miguel Zúńiga 0-0: Called Strike
0-1: Ball
1-1: Ball
2-1: Ball
3-1: Base on Balls
Batting: RHB Gonzalo Sánchez 0-0: Called Strike
0-1: Swinging Strike
0-2: Ball
1-2: SINGLE (Line Drive, 6M)
Miguel Rosales to third
Miguel Zúńiga to second
Runner from 3rd tries for Home, SAFE, no throw or cutoff
Pitching: LHP Jim Unknown
Batting: RHB Chris Woodruff 0-0: Ball
1-0: Ball
2-0: Grounds into double play, 6-4-3 (Groundball, 6)
Miguel Zúńiga to third
Pinch Hitting: RHB Octávio Zúńiga 0-0: Called Strike
0-1: Foul Ball, location: 2F
0-2: Ball
1-2: Ball
2-2: Ball
3-2: Foul Ball, location: 2F
3-2: Foul Ball, location: 2F
3-2: Base on Balls
Pinch Hitting: RHB Dave Stockman 0-0: Foul Ball, location: 2F
0-1: Ball
1-1: Ball
2-1: Ball
3-1: Foul Ball, location: 2F
3-2: Strikes out looking
Bottom of the 8th over - 1 run(s), 2 hit(s), 0 error(s), 2 left on base; Springfield 3 - Helena 3
TOP OF THE 9TH
Springfield Shooters batting - Pitching for Helena Grizzlies : RHP Scott Lyons
Pitching: LHP Jim Unknown
Now at 3B: D.C. Aiken
Now in LF: Dave Stockman
Pinch Hitting: RHB Randy Galloway 0-0: Called Strike
0-1: Swinging Strike
0-2: Foul Ball, location: 2F
0-2: Foul Ball, location: 2F
0-2: Strikes out swinging
Batting: SHB Eugene Bentley 0-0: Foul Ball, location: 2F
0-1: Fly out, F9 (Popup, 9S)
Pinch Hitting: RHB Bennett Bates 0-0: Foul Ball, location: 2F
0-1: Foul Ball, location: 2F
0-2: Foul Ball, location: 2F
0-2: Ball
1-2: Foul Ball, location: 2F
1-2: SINGLE (Line Drive, 8LS)
Pinch Runner at 1st David Abreu:
Batting: RHB Michael Hicks 0-0: Ball
1-0: Ground out 3-1 (Groundball, 34)
Top of the 9th over - 0 run(s), 1 hit(s), 0 error(s), 1 left on base; Springfield 3 - Helena 3
BOTTOM OF THE 9TH
Helena Grizzlies batting - Pitching for Springfield Shooters : LHP Jim Unknown
Pitching: RHP Jim Unknown
Now at 2B: Enrico Díaz
Now at 3B: David Abreu
Batting: SHB Tom Craft 0-0: Called Strike
0-1: Ball
1-1: Foul Ball, location: 2F
1-2: Ball
2-2: SINGLE (Line Drive, 7LS)
Batting: RHB Dustin O'Quinlevan 0-0: Sac Bunt - play at second, runner OUT! 3-6
Batting: LHB Tom Cotton 0-0: Foul Ball, location: 2F
0-1: Swinging Strike
0-2: Ball
1-2: DOUBLE (Line Drive, 8RM)
Dustin O'Quinlevan to third
Dustin O'Quinlevan scores
This league is powered by Out of the Park Baseball, the baseball management simulation game for PC, Mac and Linux
Friday, July 8th, 2016 - OOTP Baseball 16.9 Build 39